 Dungeon Crawl Stone Soup version 0.15.2 (webtiles) character file.

160 SauceNinja the Ducker (level 5, 0/40 HPs)
             Began as a Demonspawn Gladiator on Dec 29, 2014.
             Succumbed to an adder's poison
             ... on Level 3 of the Dungeon.
             The game lasted 00:13:08 (2670 turns).

SauceNinja the Ducker (Demonspawn Gladiator)        Turns: 2670, Time: 00:13:08

HP   0/40        AC  3     Str 15      XL: 5   Next: 17%
MP   5/5         EV 13     Int 10      God:
Gold 165         SH  0     Dex 18      Spells:  0 memorised,  4 levels left

rFire  . . .     SeeInvis .     a - +0 war axe
rCold  . . .     Clarity  .     b - +0 leather armour
rNeg   . . .     rCorr    .     (no shield)
rPois  .         rRot     .     (helmet restricted)
rElec  .         Spirit   .     (no cloak)
SustAb +         Warding  .     (no gloves)
rMut   .         Stasis   .     (no boots)
Gourm  .                        (no amulet)
MR     .....                    o - +4 ring of dexterity
                                m - ring of sustain abilities

@: lethally poisoned, not resistant to hostile enchantments, very unstealthy
A: horns 1
a: no special abilities


You were on level 3 of the Dungeon.
You were not hungry.

You visited 1 branch of the dungeon, and saw 3 of its levels.

You collected 165 gold pieces.

Inventory:

Hand weapons
 a - a +0 war axe (weapon)
 e - a +0 spear
 z - a +0 hunting sling
Missiles
 d - 3 throwing nets (quivered)
Armour
 b - a +0 leather armour (worn)
 c - a +0 helmet
 h - a +0 plate armour
 p - a +0 ring mail
Magical devices
 r - a wand of heal wounds (3) {unknown}
Comestibles
 f - a bread ration
 l - 3 fruits
 q - a beef jerky
 s - a royal jelly
 v - 2 meat rations
Scrolls
 i - 2 scrolls of identify
 t - a scroll of enchant armour {unknown}
 u - a scroll of enchant weapon {unknown}
 w - a scroll of remove curse {unknown}
 x - a scroll of immolation {unknown}
 y - a scroll of fear {unknown}
Jewellery
 m - a ring of sustain abilities (left hand)
 o - a +4 ring of dexterity (right hand)
Potions
 g - 2 potions of might {unknown}
 j - a potion of restore abilities {unknown}
 k - 3 potions of curing


   Skills:
 + Level 2.9 Fighting
 + Level 3.3 Axes
 + Level 1.8 Throwing
 + Level 2.1 Armour
 + Level 3.8 Dodging


You had 4 spell levels left.
You didn't know any spells.

Dungeon Overview and Level Annotations

Branches:
Dungeon (3/15)

Altars:


Innate Abilities, Weirdness & Mutations

You have a pair of small horns on your head.


Message History

You feel sick. The adder closely misses you. The adder closely misses you.
The adder bites you but does no damage.
You feel sick. The adder bites you but does no damage. The adder bites you.
* * * LOW HITPOINT WARNING * * *
* * * LOW HITPOINT WARNING * * *
You feel sick. The adder bites you.
* * * LOW HITPOINT WARNING * * *
The adder barely misses you. The adder closely misses you.
You hit the adder but do no damage.
* * * LOW HITPOINT WARNING * * *
You feel sick. The adder bites you.
* * * LOW HITPOINT WARNING * * *
You closely miss the adder. The adder bites you.
* * * LOW HITPOINT WARNING * * *
The adder barely misses you.
As you read the scroll labeled SKAXZES PLOEL, it crumbles to dust.
You hear a very strange noise.
It was a scroll of random uselessness.
You die...

##.. ..#.... ####
##..... #####..
.....# #.....#
#....# #.....#
#....#
#.....#####....#
#.....#......#######
#..@S.>.......%.....
#....#.......######.
###.##.......#######
#..)..............
##################


You could see an adder.

Vanquished Creatures
  An iguana (D:3)
  Ijyb (D:3)
  5 adders
  A giant mite (D:2)
  A worm (D:3)
  A giant gecko (D:3)
  An ooze (D:3)
  5 orcs (D:3)
  3 bats
  3 giant cockroaches (D:1)
  7 hobgoblins
  A quokka (D:2)
  A ball python (D:2)
  2 giant newts
  3 goblins
  6 jackals
  7 kobolds
  5 rats
54 creatures vanquished.

Notes
Turn   | Place    | Note
--------------------------------------------------------------
     0 | D:1      | SauceNinja, the Demonspawn Gladiator, began the quest for the Orb.
     0 | D:1      | Reached XP level 1. HP: 16/16 MP: 1/1
   182 | D:1      | Reached skill level 3 in Dodging
   375 | D:1      | Gained mutation: You have a pair of small horns on your head. [demonic ancestry]
   375 | D:1      | Reached XP level 2. HP: 22/22 MP: 2/2
  1054 | D:2      | Reached XP level 3. HP: 25/28 MP: 3/3
  1701 | D:2      | Reached skill level 1 in Armour
  1907 | D:3      | Reached XP level 4. HP: 34/34 MP: 4/4
  1966 | D:3      | Noticed Ijyb
  1981 | D:3      | Killed Ijyb
  2271 | D:3      | Reached XP level 5. HP: 17/39 MP: 5/5
  2668 | D:3      | HP: 2/40 [poisoned by an adder]
  2670 | D:3      | Succumbed to an adder's poison

Action                   |  1- 3 |  4- 6 || total
-------------------------+-------+-------++-------
Melee: War axe           |   102 |    65 ||   167
  Use: Scroll            |       |     2 ||     2
  Eat: Bread ration      |     1 |     1 ||     2
